AoeStats
← Zumoshi

Arabia

507485940Analyzed
1v1 RM · 15d ago on Sep 18, 2026· 49m 25s· 2 players
Game mode
Random Map
Map size
Tiny (2 player)
Population
200
Speed
Normal
Resources
Standard
Victory
Conquest
Starting age
Dark Age
Ending age
Imperial Age
RankedLock teamsTeams togetherTeam positionsShared explorationLock speedFull tech treeHidden civsTurbo modeCheats
Victory
Defeat
🇮🇱 Khitans · Israel
1149
+16
🇫🇷 Italians · France
1147
-16
Pitchop
8:15 Loom
10:00 Feudal Age
12:07 Double-Bit Axe
14:57 Castle Age
12:41 Horse Collar
15:51 Forging
23:56 Bow Saw
24:46 Fletching
26:20 Wheelbarrow
26:23 Heavy Plow
27:19 Ballistics
29:09 Gold Mining
29:29 Pikeman
30:20 Bodkin Arrow
30:36 Pikeman
34:04 Stone Mining
35:20 Hand Cart
37:45 Imperial Age
35:11 Town Watch
36:14 Squires
36:00 Arson
36:54 Iron Casting
36:19 Scale Mail Armor
40:15 Chain Mail Armor
40:33 Town Patrol
41:17 Conscription
42:07 Blast Furnace
41:08 Bracer
42:14 Crop Rotation
42:47 Two-Man Saw
43:25 Chemistry
43:09 Elite Genoese Crossbowman
45:17 Stone Shaft Mining
46:35 Plate Mail Armor
46:46 Padded Archer Armor
48:46 Leather Archer Armor
Zumoshi
7:48 Loom
9:59 Feudal Age
10:55 Double-Bit Axe
14:09 Forging
14:53 Scale Barding Armor
20:08 Castle Age
19:49 Domestication
21:40 Iron Casting
21:29 Gold Mining
21:54 Husbandry
25:13 Bow Saw
26:27 Wheelbarrow
33:36 Imperial Age
31:55 Hand Cart
31:27 Town Watch
31:45 Scale Mail Armor
32:39 Lamellar Armor
33:26 Chain Mail Armor
33:11 Stone Mining
33:28 Pastoralism
35:04 Plate Mail Armor
35:19 Conscription
36:29 Transhumance
37:00 Two-Man Saw
38:30 Town Patrol
40:13 Elite Liao Dao
43:41 Ballistics
44:22 Chemistry
43:28 Siege Engineers
43:35 Masonry
43:20 Murder Holes
47:06 Fletching
47:24 Padded Archer Armor
48:32 Light Cavalry
49:37 Chain Barding Armor
49:12 Bodkin Arrow
Connection lost

Rejoining the realm…

Still unreachable

The connection could not be restored.

Session expired

The server has moved on; the page needs a fresh start.